 Dungeon Crawl Stone Soup version 0.18.1-48-g4cf74bf (webtiles) character file.

176336 nikopol the Impaler (level 17, -8/155 (156) HPs)
             Began as a Minotaur Berserker on Aug 7, 2016.
             Was the Champion of Trog.
             Killed from afar by a thorn hunter (22 damage)
             ... with a volley of thorns
             ... on level 3 of the Swamp.
             The game lasted 01:44:58 (31131 turns).

nikopol the Impaler (Minotaur Berserker)           Turns: 31131, Time: 01:44:59

HP:   -8/155 (156)  AC: 35    Str: 31    XL:     17   Next: 50%
MP:   16/16         EV: 18    Int:  4    God:    Trog [******]
Gold: 3400          SH:  2    Dex: 18    Spells: 0 memorised, 16 levels left

rFire  . . .     SeeInvis +     a - +8 glaive of Nuedye Zene {chop, *Noise Str+4 Dex+3}
rCold  + . .     Gourm    .     x - +8 plate armour of Freedom {rPois rN++ Regen+ Stlth-}
rNeg   + + .     Faith    .     (shield currently unavailable)
rPois  +         Spirit   .     H - +2 hat {rC+}
rElec  .         Dismiss  .     K - +2 cloak {+Inv}
rCorr  +         Reflect  +     F - +2 pair of gloves {Str+3}
SustAt .         Harm     .     I - +0 pair of boots
MR     +....                    G - +2 amulet of reflection
Stlth  ..........               V - ring of see invisible
                                h - ring of resist corrosion

@: exhausted, slowed, very slow, somewhat resistant to hostile enchantments,
extremely unstealthy
A: retaliatory headbutt, hooves 1, horns 2, blurry vision 1, sense surroundings
1, wild magic 2
a: Berserk, Trog's Hand, Brothers in Arms, Burn Spellbooks, Renounce Religion,
Evoke Invisibility


You were on level 3 of the Swamp.
You worshipped Trog.
Trog was exalted by your worship.
You were very hungry.

You visited 4 branches of the dungeon, and saw 29 of its levels.
You also visited: Trove and Ice Cave.

You collected 3625 gold pieces.
You spent 225 gold pieces at shops.

Inventory:

Hand Weapons
 a - the +8 glaive of Nuedye Zene (weapon) {chop, *Noise Str+4 Dex+3}
   (You found it in a treasure trove)

   It inflicts extra damage upon your enemies.
   It affects your strength (+4).
   It affects your dexterity (+3).
   It may make noises in combat.
 b - the +0 spear of the Harvest {vamp, MP+9 SInv Stlth+, unknown}
   (You found it in a treasure trove)

   It inflicts no extra harm, but heals its wielder somewhat when it strikes a
   living foe.
   It affects your magic capacity (+9).
   It lets you see invisible.
   It makes you more stealthy.
 z - a +9 longbow of flaming
Missiles
 i - 665 arrows
Armour
 x - the +8 plate armour of Freedom (worn) {rPois rN++ Regen+ Stlth-}
   (You acquired it on level 5 of the Lair of Beasts)

   It protects you from poison.
   It greatly protects you from negative energy.
   It increases your rate of regeneration.
   It makes you less stealthy.
 F - a +2 pair of gloves of strength (worn)
 H - a +2 hat of cold resistance (worn)
 I - a +0 pair of boots (worn)
 K - a +2 cloak of invisibility (worn)
Jewellery
 h - a ring of resist corrosion (left hand)
 t - an uncursed ring of positive energy
 G - a +2 amulet of reflection (around neck)
 J - a +2 ring of dexterity
 V - a ring of see invisible (right hand)
Wands
 s - a wand of disintegration (17/24)
 L - a wand of digging (11/24)
 N - a wand of hasting (7/9)
Scrolls
 d - 2 scrolls of holy word
 e - 4 scrolls of enchant weapon
 n - 2 scrolls of magic mapping
 q - 9 scrolls of remove curse
 v - 2 scrolls of blinking
 y - 4 scrolls of recharging
 C - a scroll of fear
 M - 9 scrolls of teleportation
 O - 2 scrolls of fog
 R - 2 scrolls of identify
 S - 4 scrolls of enchant armour
Potions
 f - 6 potions of berserk rage
 g - 14 potions of curing
 l - a potion of magic {unknown}
 o - a potion of ambrosia
 p - 4 potions of brilliance
 u - 4 potions of agility
 A - 6 potions of might
 B - 5 potions of haste
 D - 4 potions of cure mutation
 P - a potion of cancellation
 U - 4 potions of heal wounds
 W - 6 potions of flight
 X - 2 potions of resistance
 Z - a potion of invisibility {unknown}
Comestibles
 c - 27 bread rations
 j - 13 fruits
 k - 3 royal jellies
 w - 7 slices of pizza
 E - 13 meat rations
 Y - 10 beef jerkies


   Skills:
 + Level 15.3 Fighting
 * Level 19.7 Polearms
 * Level 16.7 Bows
 + Level 14.7 Armour
 + Level 13.9 Dodging


You had 16 spell levels left.
You didn't know any spells.

Dungeon Overview and Level Annotations

Branches:
Dungeon (15/15)            Temple (0/1) D:4            Lair (8/8) D:11
  Swamp (4/4) Lair:6       Spider (0/4) Lair:5        Slime (0/6) Lair:8
    Orc (2/2) D:11            Elf (0/3) Orc:2        Vaults (0/5) D:13
 Depths (0/5) D:15

Altars:
Ashenzari
Elyvilon
Gozag
Kikubaaqudgha
Nemelex Xobeh
Okawaru
Pakellas
Qazlal
Trog
Vehumet
Xom
Yredelemnul
Beogh
Jiyva

Shops:
D:6 %   D:9 ![}[(   Orc:2 [![(

Annotations:
D:8 exclusion: statue


Innate Abilities, Weirdness & Mutations

You reflexively headbutt those who attack you in melee.
You have a pair of horns on your head.
You have large cloven feet.
Scrolls take you a little longer to read.
You passively map a small area around you.
Your spells are harder to cast, but more powerful.


Message History

The volley of thorns misses you.
The thorn hunter gestures.
Thorny briars emerge from the ground!
There is a stone staircase leading up here.
You block the thorn hunter's attack. x2
You climb upwards.
There is a stone staircase leading down here.
The thorn hunter hits you but does no damage.
The thorn hunter closely misses you. The thorn hunter closely misses you.
You furiously retaliate!
You headbutt the thorn hunter.
The thorn hunter hits you but does no damage.
You enter the shallow water.
Moving in this stuff is going to be slow.
The thorn hunter fires a volley of thorns at you.
The volley of thorns hits you!
* * * LOW HITPOINT WARNING * * *
The thorn hunter fires a volley of thorns at you.
The volley of thorns hits you!
You die...

♣≈≈≈≈≈≈≈≈.≈≈♣♣♣≈≈≈>.≈≈♣
♣.≈≈≈≈≈≈≈≈♣.≈....♣♣♣♣♣♣
≈.≈≈≈≈≈≈≈♣♣.≈≈≈.♣♣
♣≈≈≈≈≈≈.≈≈♣.≈≈≈≈♣♣♣♣
♣♣.≈).).≈≈...>.♣♣..♣♣
.♣...≈≈♣♣≈..[.....≈.♣
.♣♣♣...♣♣.≈≈.≈≈..≈.§♣
.♣ ♣♣...♣.≈≈≈♣♣f♣♣♣♣♣
.♣♣♣♣♣≈......≈..@≈♣♣♣♣♣
≈≈≈≈♣♣.≈≈≈..§...<♣♣.≈≈♣
≈.≈♣♣♣(≈≈≈..≈§≈≈.≈≈?≈≈♣
.♣♣♣♣♣≈≈§.≈..≈≈≈.♣♣♣♣♣♣
§≈♣.§.♣♣♣≈♣♣♣≈≈.♣♣
≈≈.≈≈..♣♣♣♣ ♣.[♣♣
..≈≈≈...♣ ♣♣♣♣
..≈≈.≈♣≈♣ ≈≈≈..♣♣♣♣


You could see a thorn hunter.

Vanquished Creatures
  Rupert (D:15)
  Jorgrun (Swamp:2)
  Frances (D:13)
  Gastronok (Lair:3)
  2 thorn hunters
  Donald (Orc:2)
  Maud (Lair:8)
  2 orc warlords (Orc:1)
  Aizul (Swamp:1)
  A stone giant (Orc:1)
  Nessos (Lair:5)
  Snorg (Orc:2)
  A vault guard (D:13)
  A fire dragon (D:15)
  Josephine (D:10)
  The ghost of Heedrag the Destroyer, a journeyman DECj of Vehumet (Lair:6)
  Harold (Orc:1)
  20 hydras
  An ice dragon (D:15)
  4 centaur warriors
  2 catoblepae
  8 alligators
  A death knight (D:12)
  3 orc high priests (Orc:2)
  Urug (Orc:1)
  A queen ant (Lair:7)
  Sonja (Orc:2)
  A fire crab (D:13)
  A death drake (Swamp:2)
  3 unseen horrors
  5 spectral hydras (Swamp:2)
  Pikel (D:7)
  10 swamp dragons
  A deep elf archer (D:13)
  A phantasmal warrior (Swamp:2)
  10 orc knights
  2 wolf spider zombies
  2 hill giants
  A necromancer (Swamp:2)
  A lindwurm (Lair:8)
  4 cyclopes
  9 ugly things
  A deep elf mage (D:15)
  4 griffons
  10 orc sorcerers
  3 hornets
  7 black mambas
  2 ice statues (IceCv)
  Joseph (D:7)
  23 elephants
  6 centaur zombies
  A torpor snail (Lair:4)
  19 spiny frogs
  2 gargoyles
  A komodo dragon (shapeshifter) (D:13)
  2 rime drakes
  11 komodo dragons
  12 ice devils (IceCv)
  3 freezing wraiths
  4 spriggan druids
  2 tengu conjurers
  6 giant leeches
  10 trolls
  4 two-headed ogres
  2 alligator zombies (Swamp:2)
  12 polar bears
  16 bog bodies
  19 blink frogs
  A boulder beetle (Lair:6)
  24 slime creatures
  A spectral swamp dragon (Swamp:2)
  A large abomination (Swamp:2)
  20 spriggans
  7 shadows
  A vampire (D:14)
  7 wraiths
  4 giant leech zombies
  A redback (Lair:8)
  2 wyverns
  A water elemental (D:11)
  45 yaks
  4 basilisks
  A hog (Lair:7)
  Grum (Lair:1)
  11 hippogriffs
  4 vampire mosquitoes (D:15)
  A hungry ghost (D:13)
  Menkaure (D:7)
  6 swamp worms
  6 wargs
  5 soldier ants (Lair:7)
  21 water moccasins
  4 spiny frog zombies (Swamp:2)
  10 porcupines
  48 orc warriors
  2 eyes of draining
  6 swamp drakes
  16 wasps
  3 ice beasts
  5 sky beasts
  9 black bears
  4 necrophages (Lair:6)
  8 ogres
  3 phantoms
  17 centaurs
  33 wolves
  21 crocodiles
  A big kobold (D:10)
  14 giant frogs
  A wyvern skeleton (D:11)
  5 scorpions
  4 spriggan zombies (Swamp:2)
  2 troll zombies (Swamp:2)
  23 killer bees
  30 wights
  A howler monkey (D:4)
  5 electric eels
  6 crimson imps
  4 jellies
  A quasit (D:10)
  2 giant frog zombies
  9 hounds
  Crazy Yiuf (D:6)
  5 centaur skeletons
  31 orc priests
  2 giant frog skeletons (D:7)
  8 iguanas
  37 orc wizards
  17 worker ants
  10 sheep
  A hound zombie (D:7)
  4 hound skeletons
  A worker ant zombie (D:10)
  Robin (D:2)
  8 adders
  A howler monkey skeleton (D:11)
  58 river rats
  4 shadow imps
  16 white imps
  10 ufetubi (IceCv)
  2 adder zombies
  An adder skeleton (D:4)
  3 worms
  3 giant geckos
  124 orcs
  8 giant cockroaches
  17 goblins
  10 hobgoblins
  5 jackals
  15 kobolds
  4 quokkas
  3 ball pythons
  8 bats
  4 giant newts
  2 jackal skeletons
  3 rats (D:1)
  A fungus (Lair:5)
  2 plants
1199 creatures vanquished.

Vanquished Creatures (collateral kills)
  Kirke (Lair:7)
  A hog (Lair:7)
2 creatures vanquished.

Vanquished Creatures (others)
  A blink frog (Lair:7)
  A human (Lair:7)
  2 orc wizards
  A white imp (IceCv)
  2 ufetubi (IceCv)
  An orc (Orc:2)
  2 briar patches (Swamp:3)
  12 fungi
  8 plants
  A withered plant (Swamp:2)
31 creatures vanquished.

Grand Total: 1232 creatures vanquished

Notes
Turn   | Place    | Note
--------------------------------------------------------------
     0 | D:1      | nikopol the Minotaur Berserker began the quest for the Orb.
     0 | D:1      | Reached XP level 1. HP: 19/19 MP: 0/0
   233 | D:1      | Reached XP level 2. HP: 21/27 MP: 1/1
   426 | D:1      | Reached skill level 4 in Polearms
   473 | D:1      | Reached ** piety under Trog
   560 | D:1      | Reached XP level 3. HP: 33/33 MP: 2/2
  1037 | D:2      | Noticed Robin
  1045 | D:2      | Killed Robin
  1216 | D:2      | Found a white marble altar of Elyvilon.
  1235 | D:2      | Found an opulent altar of Gozag.
  1239 | D:2      | Found a shimmering altar of Xom.
  1505 | D:2      | Reached XP level 4. HP: 35/40 MP: 3/3
  2011 | D:3      | Reached *** piety under Trog
  2075 | D:3      | Reached XP level 5. HP: 47/47 MP: 4/4
  2234 | D:3      | Reached skill level 5 in Polearms
  2289 | D:3      | Found an iron altar of Okawaru.
  2289 | D:3      | Found a bloodstained altar of Trog.
  2751 | D:4      | Noticed a phantom
  2779 | D:4      | Killed a phantom
  2779 | D:4      | Reached XP level 6. HP: 32/55 MP: 5/5
  2917 | D:4      | Reached skill level 5 in Fighting
  2990 | D:4      | Found a shattered altar of Ashenzari.
  3057 | D:4      | Found a staircase to the Ecumenical Temple.
  3330 | D:5      | Entered Level 5 of the Dungeon
  3333 | D:5      | Reached **** piety under Trog
  3419 | D:5      | Reached skill level 6 in Polearms
  3441 | D:5      | Reached XP level 7. HP: 60/61 MP: 6/6
  3694 | D:5      | Reached skill level 5 in Armour
  3773 | D:5      | Reached skill level 5 in Dodging
  3877 | D:5      | Found an oddly glowing altar of Pakellas.
  4283 | D:6      | Found a stormy altar of Qazlal.
  4355 | D:6      | Got a warped mace
  4379 | D:6      | Reached skill level 7 in Polearms
  4591 | D:6      | Noticed Crazy Yiuf
  4595 | D:6      | Killed Crazy Yiuf
  4872 | D:6      | Found Ehoeprui's Food Emporium.
  5028 | D:7      | Reached XP level 8. HP: 64/70 MP: 7/7
  5072 | D:7      | Noticed Joseph
  5101 | D:7      | Killed Joseph
  5101 | D:7      | Reached skill level 8 in Polearms
  5319 | D:7      | Noticed Menkaure
  5323 | D:7      | Killed Menkaure
  5345 | D:7      | Noticed Pikel
  5376 | D:7      | Killed Pikel
  5376 | D:7      | Reached skill level 9 in Polearms
  5376 | D:7      | Reached XP level 9. HP: 63/79 MP: 8/8
  5593 | D:7      | Reached skill level 10 in Polearms
  6210 | D:8      | Reached ***** piety under Trog
  6584 | D:8      | Found a radiant altar of Vehumet.
  7033 | D:8      | Found an ancient bone altar of Kikubaaqudgha.
  7034 | D:8      | Found a sparkling altar of Nemelex Xobeh.
  7063 | D:8      | Identified the cursed +2 mace of the Sky {freeze, *Rage MR+ Int+4} (You found it on level 6 of the Dungeon)
  7335 | D:8      | Reached skill level 11 in Polearms
  7358 | D:8      | Got a slimy leather armour
  7369 | D:8      | Identified the +1 leather armour of the Many Tales {rCorr} (You found it on level 8 of the Dungeon)
  7718 | D:9      | Reached skill level 1 in Bows
  7753 | D:9      | Found Yguihes's Antique Armour Shop.
  7766 | D:9      | Received a gift from Trog
  7766 | D:9      | Reached XP level 10. HP: 90/90 MP: 9/9
  7783 | D:9      | Found Rexusiwn's Distillery.
  7785 | D:9      | Bought a smoking ring mail for 225 gold pieces
  7785 | D:9      | Found Piosar's Gadget Emporium.
  7983 | D:9      | Identified the +1 ring mail of Ikenil {+Blink +Inv rC+} (You bought it in a shop on level 9 of the Dungeon)
  7998 | D:9      | Found Ifutepac's Weapon Shoppe.
  8071 | D:9      | Found Ymup's Armour Shoppe.
  8231 | D:10     | Entered Level 10 of the Dungeon
  8683 | D:10     | Noticed Josephine
  8703 | D:10     | Killed Josephine
  8703 | D:10     | Reached skill level 12 in Polearms
  8703 | D:10     | Reached skill level 5 in Bows
  8714 | D:10     | Reached XP level 11. HP: 97/97 MP: 10/10
  9056 | D:10     | Paralysed by a wasp for 1 turns
  9063 | D:10     | Received a gift from Trog
  9548 | D:11     | Noticed an unseen horror
  9562 | D:11     | Killed an unseen horror
 10115 | D:11     | Noticed a green ugly thing
 10130 | D:11     | Killed a green ugly thing
 10444 | D:11     | Reached skill level 10 in Fighting
 10923 | D:11     | Reached skill level 13 in Polearms
 10972 | D:11     | Received a gift from Trog
 11060 | D:11     | Found a staircase to the Lair.
 11159 | D:11     | Found a portal to a secret trove of treasure.
 11311 | D:11     | Found a staircase to the Orcish Mines.
 11379 | Lair:1   | Entered Level 1 of the Lair of Beasts
 11394 | Lair:1   | Noticed Grum
 11409 | Lair:1   | Reached skill level 10 in Armour
 11413 | Lair:1   | Killed Grum
 11736 | Lair:1   | Reached XP level 12. HP: 108/108 MP: 11/11
 11993 | Lair:1   | Gained mutation: You passively map a small area around you. [potion of beneficial mutation]
 11994 | Lair:1   | Gained mutation: You have large cloven feet. [potion of beneficial mutation]
 11996 | Lair:1   | Gained mutation: Your spells are a little harder to cast, but a little more powerful. [potion of beneficial mutation]
 12519 | Lair:2   | Got a scorched lajatang
 12520 | Lair:2   | Identified the +8 lajatang of the Gnat {speed, *Contam Str+7} (You found it on level 2 of the Lair of Beasts)
 12552 | Lair:2   | Gained mutation: Scrolls take you a little longer to read. [mutagenic glow]
 12703 | Lair:2   | Noticed a seven-headed hydra
 12707 | Lair:2   | Killed a seven-headed hydra
 12721 | Lair:2   | Noticed an eight-headed hydra
 12726 | Lair:2   | Killed an eight-headed hydra
 12748 | Lair:2   | Received a gift from Trog
 12979 | Lair:3   | Noticed Gastronok
 12991 | Lair:3   | Killed Gastronok
 12991 | Lair:3   | Reached skill level 14 in Polearms
 13177 | Lair:3   | Received a gift from Trog
 13204 | Lair:3   | Reached skill level 10 in Dodging
 13206 | Lair:3   | Reached skill level 10 in Bows
 13838 | Lair:4   | Received a gift from Trog
 14128 | Lair:4   | Received a gift from Trog
 14198 | Lair:4   | Reached XP level 13. HP: 116/116 MP: 12/12
 14499 | Lair:4   | Received a gift from Trog
 15112 | Lair:5   | Received a gift from Trog
 15171 | Lair:5   | Noticed Nessos
 15180 | Lair:5   | Killed Nessos
 15213 | Lair:5   | Reached ****** piety under Trog
 15443 | Lair:5   | Reached skill level 15 in Polearms
 15787 | Lair:5   | Found a hole to the Spider Nest.
 16035 | Lair:5   | Received a gift from Trog
 16151 | Lair:5   | Identified a scroll of acquirement
 16151 | Lair:5   | Got a smelly plate armour
 16162 | Lair:5   | Identified the +8 plate armour of Freedom {rPois rN++ Regen+ Stlth-} (You acquired it on level 5 of the Lair of Beasts)
 16298 | Lair:6   | Noticed Heedrag's ghost (journeyman DECj)
 16306 | Lair:6   | Killed Heedrag's ghost
 16338 | Lair:6   | Found a staircase to the Swamp.
 17260 | D:11     | You paid a toll of a potion of experience to enter a treasure trove
 17261 | Trove    | Entered a treasure trove
 17281 | Trove    | Got a translucent spear
 17284 | Trove    | Got a faintly glowing glaive
 17297 | Trove    | Got an encrusted longbow
 17332 | Trove    | Got an encrusted glaive
 17403 | D:11     | Identified the cursed +1 glaive of Dawn {flame, rC- MR+ Str+3 SInv} (You found it in a treasure trove)
 17406 | D:11     | Identified the +8 glaive of Nuedye Zene {chop, *Noise Str+4 Dex+3} (You found it in a treasure trove)
 17407 | D:11     | Identified the +5 longbow of Vetsiw {velocity, rC++ Str+3} (You found it in a treasure trove)
 17799 | Lair:6   | Received a gift from Trog
 17862 | Lair:7   | Received a gift from Trog
 17867 | Lair:7   | Reached XP level 14. HP: 99/127 MP: 13/13
 18010 | Lair:7   | Received a gift from Trog
 18174 | Lair:7   | Reached skill level 16 in Polearms
 18267 | Lair:7   | Noticed Kirke
 18298 | Lair:7   | Killed Kirke
 19068 | Lair:8   | Entered Level 8 of the Lair of Beasts
 19102 | Lair:8   | Received a gift from Trog
 19501 | Lair:8   | Got a smoking scale mail
 19512 | Lair:8   | Identified the cursed +0 scale mail of the King of the Hill {Int+2} (You found it on level 8 of the Lair of Beasts)
 19656 | Lair:8   | Noticed Maud
 19661 | Lair:8   | Killed Maud
 19986 | Lair:8   | Received a gift from Trog
 20142 | Lair:8   | Reached skill level 17 in Polearms
 20372 | Lair:8   | Found a viscous altar of Jiyva.
 20373 | Lair:8   | Found a staircase to the Slime Pits.
 20713 | Orc:1    | Entered Level 1 of the Orcish Mines
 20738 | Orc:1    | Found a roughly hewn altar of Beogh.
 20739 | Orc:1    | Noticed Harold
 20756 | Orc:1    | Killed Harold
 20761 | Orc:1    | Noticed a stone giant
 20764 | Orc:1    | Killed a stone giant
 20815 | Orc:1    | Noticed Urug
 20821 | Orc:1    | Killed Urug
 20874 | Orc:1    | Reached XP level 15. HP: 136/136 MP: 14/14
 20949 | Orc:1    | Received a gift from Trog
 21030 | Orc:1    | Received a gift from Trog
 21097 | Orc:1    | Noticed an orc warlord
 21139 | Orc:1    | Killed an orc warlord
 21354 | Orc:1    | Noticed an orc warlord
 21364 | Orc:1    | Killed an orc warlord
 21370 | Orc:1    | Received a gift from Trog
 21922 | Orc:2    | Entered Level 2 of the Orcish Mines
 21922 | Orc:2    | Found a staircase to the Elven Halls.
 21927 | Orc:2    | Noticed Sonja
 21941 | Orc:2    | Killed Sonja
 22007 | Orc:2    | Found a frozen archway.
 22015 | Orc:2    | Received a gift from Trog
 22037 | IceCv    | Entered an ice cave
 22700 | Orc:2    | Noticed Donald
 22715 | Orc:2    | Killed Donald
 22856 | Orc:2    | Found Gattis's Antique Armour Boutique.
 22856 | Orc:2    | Found Mocuvami's Weapon Emporium.
 22964 | Orc:2    | Found Dacod's Distillery.
 22964 | Orc:2    | Found Wotunteqa's Armour Emporium.
 22987 | Orc:2    | Gained mutation: Your spells are harder to cast, but more powerful. [potion of beneficial mutation]
 23051 | Orc:2    | Noticed Snorg
 23062 | Orc:2    | Killed Snorg
 23091 | Orc:2    | Received a gift from Trog
 23721 | D:12     | Reached skill level 18 in Polearms
 24312 | D:13     | Received a gift from Trog
 24426 | D:13     | Noticed Frances
 24449 | D:13     | Killed Frances
 24860 | D:13     | Reached XP level 16. HP: 145/145 MP: 15/15
 24954 | D:13     | Reached skill level 15 in Bows
 25375 | D:13     | Found a gate to the Vaults.
 26029 | D:14     | Identified Sif Muna's Almanac of Fire
 26900 | D:15     | Entered Level 15 of the Dungeon
 26900 | D:15     | Found a bloodstained altar of Trog.
 26918 | D:15     | Received a gift from Trog
 27077 | D:15     | Noticed Rupert
 27085 | D:15     | Paralysed by Rupert for 3 turns
 27092 | D:15     | Killed Rupert
 27125 | D:15     | Found a staircase to the Depths.
 27226 | D:15     | Received a gift from Trog
 27436 | D:15     | Got a transparent chain mail
 27447 | D:15     | Identified the +1 chain mail of Honour {rPois rC+} (You found it on level 15 of the Dungeon)
 28182 | Swamp:1  | Entered Level 1 of the Swamp
 28372 | Swamp:1  | Noticed Aizul
 28378 | Swamp:1  | Killed Aizul
 28689 | Swamp:1  | Reached skill level 19 in Polearms
 28722 | Swamp:1  | Received a gift from Trog
 29238 | Swamp:2  | Found a basalt altar of Yredelemnul.
 29251 | Swamp:2  | Received a gift from Trog
 29254 | Swamp:2  | Reached skill level 15 in Fighting
 29256 | Swamp:2  | Reached XP level 17. HP: 156/156 MP: 16/16
 29644 | Swamp:2  | Noticed Jorgrun
 29661 | Swamp:2  | Killed Jorgrun
 29973 | Swamp:2  | Got a translucent spear
 29974 | Swamp:2  | Identified the +12 spear of Peace {pierce, Str+4} (You found it on level 2 of the Swamp)
 30064 | Swamp:2  | Received a gift from Trog
 31061 | Swamp:4  | Entered Level 4 of the Swamp
 31108 | Swamp:4  | Received a gift from Trog
 31131 | Swamp:3  | Killed from afar by a thorn hunter

Skill      XL: |  1  2  3  4  5  6  7  8  9 10 11 12 13 14 15 16 |
---------------+-------------------------------------------------+-----
Polearms       | 4 5 6 7 9 11 12 13 14 15 17 18 19 | 19.7
Armour         | 3 4 5 6 8 9 10 11 12 13 14 | 14.7
Dodging        | 3 4 5 6 7 8 9 10 11 12 13 | 13.9
Fighting       | 4 5 6 7 8 9 10 11 12 13 15 | 15.3
Bows           | 1 5 8 10 12 13 14 16 | 16.7

Action                   |  1- 3 |  4- 6 |  7- 9 | 10-12 | 13-15 | 16-18 || total
-------------------------+-------+-------+-------+-------+-------+-------++-------
Melee: Spear             |   130 |    10 |       |       |       |       ||   140
       Headbutt          |    14 |    26 |    63 |    98 |    75 |    44 ||   320
       Trident           |       |   161 |   335 |   402 |    11 |       ||   909
       Glaive            |       |       |       |     8 |   223 |   146 ||   377
       Shortbow          |       |       |       |     1 |       |       ||     1
       Kick              |       |       |       |     2 |   104 |       ||   106
       Unarmed           |       |       |       |       |     4 |       ||     4
 Fire: Shortbow          |       |       |    12 |   225 |       |       ||   237
       Longbow           |       |       |       |   256 |  1228 |   646 ||  2130
Invok: Berserk           |     1 |     1 |     3 |     1 |     2 |     2 ||    10
       Burn Spellbooks   |       |       |     1 |     1 |     4 |     3 ||     9
       Brothers in Arms  |       |       |       |       |     2 |       ||     2
  Use: Scroll            |       |       |     3 |    10 |    22 |     1 ||    36
       Potion            |       |       |       |     3 |     2 |       ||     5
  Eat: Chunk             |     3 |     7 |    17 |    22 |    34 |    18 ||   101
       Fruit             |       |       |       |       |     1 |     3 ||     4
Armor: Animal skin       |     8 |       |       |       |       |       ||     8
       Ring mail         |     9 |    26 |    82 |   120 |    17 |       ||   254
       Plate armour      |       |       |       |       |   428 |   280 ||   708
Dodge: Dodged            |    66 |    70 |   148 |   355 |   604 |   304 ||  1547
Block: Other             |       |       |       |       |       |    13 ||    13
